 Dungeon Crawl Stone Soup version 0.28-a0-998-gb9e9c7b67e (webtiles) character file.

Game seed: 6426487257334927299

132 Sabo the Conjurer (level 5, -5/31 HPs)
             Began as an Octopode Conjurer on Dec 5, 2021.
             Was a Believer of Kikubaaqudgha.
             Slain by an ogre (21 damage)
             ... on level 3 of the Dungeon.
             The game lasted 00:26:19 (4195 turns).

Sabo the Conjurer (Octopode Conjurer)               Turns: 4195, Time: 00:26:23

Health: -5/31      AC:  1    Str:  6    XL:     5   Next: 15%
Magic:  6/9        EV: 13    Int: 20    God:    Kikubaaqudgha [**....]
Gold:   144        SH:  0    Dex: 13    Spells: 9/10 levels left

rFire   . . .      SeeInvis .   c - +0 spear
rCold   . . .      Faith    .   (no shield)
rNeg    . . .      Spirit   .   (helmet restricted)
rPois   .          Reflect  .   (no amulet)
rElec   .          Harm     .   (no ring)
rCorr   .          Rampage  .   (no ring)
Will    .....                   (no ring)
Stlth   +++.......              (no ring)
HPRegen 0.10/turn               (no ring)
MPRegen 0.11/turn               (no ring)
                                (no ring)
                                (no ring)

@: no status effects
A: almost no armour, amphibious, 8 rings, camouflage 1, gelatinous body 1,
(nimble swimmer 1), tentacles
a: Renounce Religion, Receive Corpses


You were on level 3 of the Dungeon.
You worshipped Kikubaaqudgha.
Kikubaaqudgha was pleased with you.
You visited 1 branch of the dungeon, and saw 3 of its levels.

You collected 144 gold pieces.

Inventory:

Hand Weapons
 c - a +0 spear (weapon)
 e - a +0 flail
 h - a +0 hunting sling
 n - a +1 vampiric dagger
Missiles
 b - 136 stones
 i - 33 sling bullets
 k - 30 arrows
 m - 13 bolts
 o - 2 poisoned darts (quivered)
Jewellery
 j - a ring of ice
Scrolls
 f - 2 scrolls of identify
 g - 2 scrolls of silence
Potions
 a - a potion of haste
 d - a potion of invisibility
 l - a potion of degeneration {unknown}


   Skills:
 + Level 0.7 Polearms
 + Level 2.2 Dodging
 + Level 3.2 Stealth
 + Level 3.0 Spellcasting
 + Level 5.3 Conjurations
 + Level 0.1 Necromancy


You had 9 spell levels left.
You knew the following spells:

 Your Spells              Type           Power      Damage    Failure   Level
a - Magic Dart            Conj           96%        1d7       1%          1

Your spell library contained the following spells:

 Spells                   Type           Power      Damage    Failure   Level
 Searing Ray              Conj           48%        2d6       2%          2
 Animate Skeleton         Necr           6%         N/A       14%         1
 Pain                     Necr           12%        1d4       14%         1
 Dazzling Flash           Conj/Hex       26%        N/A       14%         3
 Sublimation of Blood     Necr           3%         N/A       21%         2
 Vampiric Draining        Necr           3%         2d6       38%         3
 Fulminant Prism          Conj/Hex       6%         3d7       43%         4
 Iskenderun's Mystic Bla  Conj/Tloc      13%        2d5       43%         4


Dungeon Overview and Level Annotations

Branches:
Dungeon (3/15)

Altars:
Kikubaaqudgha
Trog

Shops:
D:1 ???


Innate Abilities, Weirdness & Mutations

You cannot wear most types of armour.
You are amphibious.
You can wear up to eight rings at the same time.
Your skin changes colour to match your surroundings (Stealth+).
Your rubbery body absorbs attacks. (AC +1, EV +1)
((You are camouflaged near water. (Stealth+)))
You have tentacles for arms and can constrict up to eight enemies at once.


Message History

The goblin closely misses you. The goblin misses you.
You barely miss the goblin. Your grab misses the goblin.
The goblin hits you with a +0 club.
You barely miss the goblin. You grab the goblin. You constrict the goblin.
The goblin barely misses you.
You hit the goblin but do no damage.
The goblin is moderately wounded.
You constrict the goblin.
The goblin struggles to escape constriction.
You hit the goblin.
You kill the goblin!
Kikubaaqudgha accepts your kill.
Kikubaaqudgha is now protecting you from necromantic miscasts and death curses.
Casting: Magic Dart (safe; 1% risk of failure)
Confirm with . or Enter, or press ? or * to list all spells.
Aiming: Magic Dart (safe; 1% risk of failure)
Press: ? - help, Shift-Dir - straight line, f - goblin
Aim: a goblin, wielding a +0 club (100% to hit)
The magic dart hits the goblin.
The goblin is moderately wounded.
The goblin misses you.
Casting: Magic Dart (safe; 1% risk of failure)
Confirm with . or Enter, or press ? or * to list all spells.
Aiming: Magic Dart (safe; 1% risk of failure)
Press: ? - help, Shift-Dir - straight line, f/p - goblin
Aim: a goblin, wielding a +0 club (moderately wounded, 100% to hit)
The magic dart hits the goblin.
You kill the goblin!
Kikubaaqudgha accepts your kill.
Casting: Magic Dart (safe; 1% risk of failure)
Confirm with . or Enter, or press ? or * to list all spells.
Aiming: Magic Dart (safe; 1% risk of failure)
Press: ? - help, Shift-Dir - straight line, f - ogre
Aim: an ogre, wielding a +0 giant club (100% to hit)
The magic dart hits the ogre.
The ogre is lightly wounded.
The ogre hits you with a +0 giant club!!
Ouch! That really hurt!
You die...
Kikubaaqudgha rasps: "You have failed me!
Welcome... death!"

######## #####.......
.......... .......#
#.#....#
######.##...########
..........<.g.......
......>.....g#####
...##'####.#)ggO@#
...#(gg #.#..##.#
...#ggg# ..##.##.#
...#gOg#.####.##.#
#.....# ...#####. #....#
#.....# ..... .
#..######..... ##### ##
#.......#.... #...#
#.#..#
#############.#.###.#..#


You could see an ogre and 3 goblins.

Vanquished Creatures
  4 gnolls (D:3)
  2 adders
  2 worms (D:2)
  A dart slug (D:2)
  An orc (D:3)
  3 ball pythons
  3 bats
  7 endoplasms
  3 giant cockroaches
  11 goblins
  4 hobgoblins
  2 jackals (D:1)
  3 quokkas
  3 frilled lizards
  8 kobolds
  7 rats
64 creatures vanquished.

Notes
Turn   | Place    | Note
-------+----------+-------------------------------------------
     0 | D:1      | Sabo the Octopode Conjurer began the quest for the Orb.
     0 | D:1      | Reached XP level 1. HP: 11/11 MP: 3/3
   251 | D:1      | Found Pagy Mal's Magic Scroll Shop.
   344 | D:1      | Reached XP level 2. HP: 11/17 MP: 0/5
  1002 | D:1      | Found Hohaud's Magic Scroll Shop.
  1136 | D:1      | Found Zibluci's Magic Scroll Shoppe.
  1508 | D:1      | Reached XP level 3. HP: 21/21 MP: 4/6
  1760 | D:1      | Found a faded altar of an unknown god.
  1764 | D:1      | Prayed at the altar of an unknown god.
  1764 | D:1      | Became a worshipper of Kikubaaqudgha
  1764 | D:1      | Reached * piety under Kikubaaqudgha
  1764 | D:1      | Received a gift from Kikubaaqudgha
  2882 | D:2      | Reached skill level 5 in Conjurations
  2882 | D:2      | Reached XP level 4. HP: 16/27 MP: 7/7
  3073 | D:2      | Found a bloodstained altar of Trog.
  3721 | D:3      | Reached XP level 5. HP: 12/31 MP: 6/9
  4167 | D:3      | Noticed an ogre
  4192 | D:3      | Reached ** piety under Kikubaaqudgha
  4195 | D:3      | Slain by an ogre

Illustrated notes

Levels and vault maps discovered:
D:1:      dpeg_arrival_arbitrary_a, layout_basic, serial_shops, shop_fountains,
          shop, shop, chequers_ecumenical_altar_grove
D:2:      layout_loops_cross, basic_altar, minmay_tetromino_s4
D:3:      layout_basic, minitemple, pdpol_wu_jian_five_deadly_venoms,
          minmay_ogre_servants

Skill      XL: |  1  2  3  4  5 |
---------------+----------------+-----
Stealth        | 3 |  3.2
Conjurations   | 5 |  5.3
Spellcasting   | 3 |  3.0
Polearms       | |  0.7
Dodging        | |  2.2
Necromancy     | |  0.1

Action                   |  1- 3 |  4- 6 || total
-------------------------+-------+-------++-------
Melee: Spear             |    37 |    25 ||    62
       Constrict         |    10 |     6 ||    16
       Tentacles         |     7 |     2 ||     9
Throw: Dart              |       |     2 ||     2
 Cast: Magic Dart        |    73 |    38 ||   111
Invok: Receive Corpses   |       |     1 ||     1
  Use: Scroll            |     2 |     2 ||     4
 Stab: Sleeping          |       |     1 ||     1
Dodge: Dodged            |    22 |    18 ||    40

Table legend: (Time is in decaauts)
 A = Elapsed time spent in this place.
 B = Non-inter-level travel time spent in this place.
 C = Inter-level travel time spent in this place.
 D = Time resting spent in this place.
 E = Time spent auto-exploring this place.
 F = Levels seen in this place.
 G = Mean time per level.
                   A        B        C        D        E       F      G
               +--------+--------+--------+--------+--------+-----+--------+
         Total |   4199 |   4199 |      0 |   1864 |      0 |   3 | 1399.7 |
       Dungeon |   4199 |   4199 |      0 |   1864 |      0 |   3 | 1399.7 |
               +--------+--------+--------+--------+--------+-----+--------+

Top non-repeatable levels by time:
     D:1: 1929 daAuts
     D:2: 1523 daAuts
     D:3: 746 daAuts
